Selects Special Operations Battlegroup
Selects Special Operations Battlegroup
Selects Special Operations Battlegroup
Selects Special Operations Battlegroup
Construct Medical Station
M1918 Browning Automatic Rifles
Advanced Air Reconnaissance
Selects SSF Commando Squad
Grasshopper High-Altitude Recon Run
Selects M29 Weasel Recon Vehicle
Selects P-47 Anti-Infantry Loiter
Grasshopper High-Altitude Recon Run
P-47 Anti-Infantry Loiter
Grasshopper High-Altitude Recon Run
Grasshopper High-Altitude Recon Run
Grasshopper High-Altitude Recon Run
M18 Hellcat Tank Destroyer
M18 Hellcat Tank Destroyer
Grasshopper High-Altitude Recon Run
Grasshopper High-Altitude Recon Run
Selects UNKNOWN (2162291)
Selects Air Re-supply Operation
Grasshopper High-Altitude Recon Run
M18 Hellcat Tank Destroyer
Grasshopper High-Altitude Recon Run
Grasshopper High-Altitude Recon Run